 Dungeon Crawl Stone Soup version 0.31.0-32-g396128a36d (webtiles) character file.

Game seed: 4857186810207132681

18 FenrisNG the Ducker (level 2, 0/22 HPs)
             Began as a Demonspawn Gladiator on Mar 22, 2024.
             Frozen to death by an endoplasm (5 damage)
             ... on level 1 of the Dungeon.
             The game lasted 00:04:14 (612 turns).

FenrisNG the Ducker (Demonspawn Gladiator)           Turns: 612, Time: 00:04:15

Health: 0/22       AC:  5    Str: 14    XL:     2   Next: 48%
Magic:  2/2        EV: 12    Int:  8    God:
Gold:   0          SH:  4    Dex: 14    Spells: 1/1 levels left

rFire   . . .        a - +0 long sword
rCold   . . .        (no shield)
rNeg    . . .        b - +0 leather armour
rPois   .            c - +0 helmet
rElec   .            (no cloak)
rCorr   .            (no gloves)
SInv    .            g - +0 pair of boots
Will    .....        (no amulet)
Stlth   +            (no ring)
HPRegen 0.23/turn    (no ring)
MPRegen 0.08/turn

%: no passive effects
@: no status effects
A: large bone plates 1
a: no special abilities


You were on level 1 of the Dungeon.
You visited 1 branch of the dungeon, and saw 1 of its levels.

Inventory:

Hand Weapons
 a - a +0 long sword (weapon)
 e - a +1 dagger of flaming
 f - a +0 mace
Missiles
 d - 3 throwing nets
Armour
 b - a +0 leather armour (worn)
 c - a +0 helmet (worn)
 g - a +0 pair of boots (worn)
 i - an orb of energy


   Skills:
 + Level 2.1 Fighting
 + Level 2.9 Long Blades
 + Level 1.8 Throwing
 + Level 0.1 Armour
 + Level 3.1 Dodging


You had one spell level left.
You didn't know any spells.
Your spell library contained the following spells:

 Spells                   Type           Power      Damage    Failure   Level
 Apportation              Tloc           0%         N/A       50%         1
 Jinxbite                 Hex            0%         N/A       63%         2
 Alistair's Intoxication  Alch           0%         N/A       100%        5


Dungeon Overview and Level Annotations

Branches:
Dungeon (1/15)

Altars:


Innate Abilities, Weirdness & Mutations

You are partially covered in large bone plates. (SH +4)


Message History

The ball python bites you but does no damage.
The ball python constricts you.
You closely miss the kobold. You block the ball python's attack.
The ball python constricts you. The kobold hits you but does no damage.
The ball python bites you but does no damage.
The ball python constricts you.
You barely miss the kobold.
The kobold hits you with a +0 short sword.
The ball python bites you. The ball python constricts you.
The kobold hits you but does no damage.
You hit the kobold.
The kobold is severely wounded.
The ball python barely misses you. The ball python constricts you.
The kobold hits you but does no damage. The ball python closely misses you.
The ball python constricts you.
* * * LOW HITPOINT WARNING * * *
You miss the kobold.
The kobold is severely wounded.
The ball python misses you. The ball python constricts you.
The kobold barely misses you.
You escape the ball python's grasp.
The kobold throws a stone.
The stone hits you but does no damage.
You hit the ball python.
You kill the ball python!
The quokka twitches its whiskers.
You closely miss the quokka. You block the quokka's attack.
You miss the quokka. The quokka closely misses you.
You closely miss the quokka. The quokka misses you.
You block the quokka's attack.
You closely miss the quokka. The quokka bites you.
* * * LOW HITPOINT WARNING * * *
You hit the quokka.
The quokka is severely wounded.
The quokka barely misses you. The quokka closely misses you.
You barely miss the quokka.
The quokka is severely wounded.
The quokka bites you but does no damage.
The endoplasm freezes you.
You are frozen.
You die...

# #. .(..... ##. #.
......... ##..##.
.........
.......#J.......
...............
..#.#...# ...# ...>....#
...####
..#.#..K##......#
.......#r@...#
........##J..##.
..#.##..........# . #.
#........#.#
........#.##..†.....#.#
........#.###.........
.........#.###...#...###
.....................#
.................#.....


You could see an endoplasm, a quokka and a kobold.

Vanquished Creatures
  A dart slug (D:1)
  A bat (D:1)
  2 endoplasms (D:1)
  A giant cockroach (D:1)
  3 goblins (D:1)
  A hobgoblin (D:1)
  A quokka (D:1)
  A ball python (D:1)
  A frilled lizard (D:1)
  3 rats (D:1)
15 creatures vanquished.

Notes
Turn   | Place    | Note
-------+----------+-------------------------------------------
     0 | D:1      | FenrisNG the Demonspawn Gladiator began the quest for the
                  | Orb.
     0 | D:1      | Reached XP level 1. HP: 16/16 MP: 1/1
   509 | D:1      | Reached skill level 3 in Dodging
   509 | D:1      | Gained mutation: You are partially covered in large bone
                  | plates. (SH +4) [demonic ancestry]
   509 | D:1      | Reached XP level 2. HP: 16/22 MP: 2/2
   612 | D:1      | Frozen to death by an endoplasm

Illustrated notes

Levels and vault maps discovered:
D:1:      elethiomel_arrival_infinity_welcomes_careful_drivers, layout_basic,
          serial_shops, shop, st_stairs_14

Skill      XL: |  1 |
---------------+----+-----
Dodging        | 3 |  3.1
Fighting       | |  2.1
Long Blades    | |  2.9
Throwing       | |  1.8
Armour         | |  0.1

Action                     || total
---------------------------++-------
  Melee: Long sword        ||    48
         Punch             ||     1
  Throw: Javelin           ||     4
    Use: Scroll            ||     1
 Armour: Leather armour    ||    39
  Dodge: Dodged            ||    45
  Block: Other             ||     5
